 Dungeon Crawl Stone Soup version 0.30-a0-371-gad7725a93e (webtiles) character file.

Game seed: 504759733021993446

362 bmack86 the Slasher (level 6, -6/51 HPs)
             Began as a Gnoll Reaver on Nov 21, 2022.
             Was a Believer of Makhleb.
             Killed by divine providence
             ... invoked by an orc priest
              (11 damage)
             ... on level 4 of the Dungeon.
             The game lasted 00:21:29 (3204 turns).

bmack86 the Slasher (Gnoll Reaver)                  Turns: 3204, Time: 00:21:32

Health: -6/51      AC:  8    Str: 11    XL:     6   Next: 66%
Magic:  14/14      EV: 12    Int: 17    God:    Makhleb [**....]
Gold:   102        SH:  0    Dex: 14    Spells: 9/15 levels left

rFire   . . .      SeeInvis .    s - +0 great sword
rCold   . . .      Faith    .    (shield currently unavailable)
rNeg    . . .      Spirit   .    g - +0 ring mail
rPois   +          Reflect  .    (no helmet)
rElec   .          Harm     .    (no cloak)
rCorr   .          Rampage  .    x - +2 pair of gloves of the Lute {Int+2 Dex+4}
Will    +....                    (no boots)
Stlth   +.........               (no amulet)
HPRegen 0.28/turn                c - ring of poison resistance
MPRegen 0.14/turn                B - ring of willpower

@: no status effects
A: fangs 1, strong nose, distributed training
a: Renounce Religion, Minor Destruction


You were on level 4 of the Dungeon.
You worshipped Makhleb.
Makhleb was pleased with you.
You visited 1 branch of the dungeon, and saw 4 of its levels.
You also visited: Ossuary.

You collected 126 gold pieces.
You spent 24 gold pieces at shops.

Inventory:

Hand Weapons
 a - a +0 falchion
 d - a +0 short sword
 f - a +0 short sword
 h - a +0 dagger
 i - a +0 mace
 k - a +0 dagger
 r - a +0 whip
 s - a +0 great sword (weapon)
 v - a +1 sling of freezing
 w - a +0 hand axe
Missiles
 p - 5 javelins
Armour
 b - a +0 leather armour
 e - a +0 robe
 g - a +0 ring mail (worn)
 x - the +2 pair of gloves of the Lute (worn) {Int+2 Dex+4}
   (You found it on level 2 of the Dungeon)

   Int:       It affects your intelligence (+2).
   Dex:       It affects your dexterity (+4).
 y - a +0 scale mail
 D - a +0 leather armour of fire resistance
Jewellery
 c - a ring of poison resistance (left hand)
 z - a ring of ice
 B - a ring of willpower (right hand)
Scrolls
 l - a scroll of fear
 o - 8 scrolls of teleportation
 q - 3 scrolls of vulnerability
 u - 3 scrolls of immolation
 A - a scroll of magic mapping {unknown}
 C - 2 scrolls of poison {unknown}
 F - a scroll of blinking {unknown}
Potions
 j - 3 potions of brilliance {unknown}
 m - a potion of magic {unknown}
 n - 2 potions of curing {unknown}
 t - a potion of cancellation {unknown}
 E - a potion of flight {unknown}
 G - 2 potions of berserk rage {unknown}
 H - 2 potions of lignification {unknown}
 I - 3 potions of heal wounds {unknown}


   Skills:
 + Level 5.0 Fighting
 + Level 2.1 Short Blades
 + Level 6.9 Long Blades
 + Level 2.1 Axes
 + Level 2.1 Maces & Flails
 + Level 2.1 Polearms
 + Level 2.1 Staves
 + Level 2.1 Ranged Weapons
 + Level 2.1 Throwing
 + Level 2.1 Armour
 + Level 5.0 Dodging
 + Level 2.1 Stealth
 + Level 2.1 Shields
 + Level 2.1 Unarmed Combat
 + Level 5.4 Spellcasting
 + Level 5.7 Conjurations
 + Level 1.7 Hexes
 + Level 1.7 Summonings
 + Level 1.7 Necromancy
 + Level 1.7 Translocations
 + Level 1.7 Transmutations
 + Level 1.7 Fire Magic
 + Level 1.7 Ice Magic
 + Level 1.7 Air Magic
 + Level 1.7 Earth Magic
 + Level 1.7 Poison Magic
 + Level 2.3 Invocations
 + Level 2.1 Evocations


You had 9 spell levels left.
You knew the following spells:

 Your Spells              Type           Power      Damage    Failure   Level
a - Kiss of Death         Conj/Necr      68%        2d10      7%          1
b - Momentum Strike       Conj/Tloc      34%        3d8       11%         2
c - Hailstorm             Conj/Ice       17%        3d6       21%         3

Your spell library contained the following spells:

 Spells                   Type           Power      Damage    Failure   Level
 Ignite Poison            Fire/Tmut/Pois 10%        N/A       43%         3
 Sticky Flame             Conj/Fire      17%        2d4       56%         4
 Ignition                 Fire           5%         3d4       100%        8


Dungeon Overview and Level Annotations

Branches:
Dungeon (4/15)            Ossuary (visited)
 Temple: D:4-7

Altars:
Kikubaaqudgha
Makhleb
Zin
The Shining One

Shops:
D:2 *


Innate Abilities, Weirdness & Mutations

You have very sharp teeth.
Your uncanny sense of smell can sniff out nearby items.
Your experience applies equally to all skills.


Message History

You kill the orc priest!
Makhleb accepts your kill.
An orc comes into view. It is wielding a +0 hand axe.
You hit the orc priest but do no damage.
The orc priest invokes the aid of Beogh against you.
Beogh smites you!
You slash the orc priest!
The orc priest is severely wounded.
The orc priest hits you but does no damage.
You closely miss the orc. You barely miss the orc. The orc closely misses you.
You hit the orc but do no damage. You bite the orc, but do no damage.
The orc hits you with a +0 hand axe. x2
You closely miss the orc.
The orc priest calls down the wrath of Beogh upon you.
Beogh smites you!
* * * LOW HITPOINT WARNING * * *
The orc barely misses you.
You slash the orc!
You kill the orc!
Makhleb accepts your kill.
You hit the orc priest but do no damage.
The orc priest is severely wounded.
The orc priest hits you but does no damage.
The orc priest hits you with a +0 dagger.
* * * LOW HITPOINT WARNING * * *
You closely miss the orc priest. Your bite misses the orc priest.
The orc priest is severely wounded.
The orc priest looks satisfied for a moment.
You hit the orc priest but do no damage.
You bite the orc priest.
The orc priest is severely wounded.
The orc priest hits you but does no damage.
You closely miss the orc priest.
The orc priest is severely wounded.
The orc priest hits you with a +0 dagger.
* * * LOW HITPOINT WARNING * * *
The orc priest mumbles some strange prayers to Beogh against you.
Beogh smites you!
You die...

#########
#.......#
#.#####.# #.# #.#
#.#####.#
#..)..#.#
###.#####.#.#
+.....o@..#.#
###.#######.#
#.........#
####..#####
######..####
####...##.....#
####....#..##.##.#
........##....##.#
#
####....###..###.#


You could see an orc priest.

Vanquished Creatures
  A wraith (Ossuary)
  An orc priest (D:4)
  An orc wizard (D:3)
  2 mummies
  2 adders (D:2)
  3 worms
  A dart slug (D:1)
  9 orcs
  7 bats
  13 endoplasms
  5 giant cockroaches (D:1)
  4 goblins
  A hobgoblin (D:3)
  2 jackals (D:1)
  4 quokkas
  8 ball pythons
  A frilled lizard (D:3)
  4 gnoll skeletons (Ossuary)
  5 kobolds
  6 kobold skeletons (Ossuary)
  15 orc skeletons (Ossuary)
  6 rats
101 creatures vanquished.

Notes
Turn   | Place    | Note
-------+----------+-------------------------------------------
     0 | D:1      | bmack86 the Gnoll Reaver began the quest for the Orb.
     0 | D:1      | Reached XP level 1. HP: 20/20 MP: 6/6
   220 | D:1      | Reached XP level 2. HP: 26/26 MP: 7/7
   574 | D:1      | Reached skill level 5 in Spellcasting
   574 | D:1      | Reached XP level 3. HP: 24/24 MP: 6/9
   769 | D:1      | Reached skill level 1 in Invocations
  1294 | D:2      | Reached skill level 1 in Short Blades
  1294 | D:2      | Reached skill level 1 in Axes
  1294 | D:2      | Reached skill level 1 in Maces & Flails
  1294 | D:2      | Reached skill level 1 in Polearms
  1294 | D:2      | Reached skill level 1 in Staves
  1294 | D:2      | Reached skill level 1 in Ranged Weapons
  1294 | D:2      | Reached skill level 1 in Throwing
  1294 | D:2      | Reached skill level 1 in Armour
  1294 | D:2      | Reached skill level 1 in Stealth
  1294 | D:2      | Reached skill level 1 in Shields
  1294 | D:2      | Reached skill level 1 in Unarmed Combat
  1294 | D:2      | Reached skill level 1 in Evocations
  1377 | D:2      | Reached XP level 4. HP: 31/37 MP: 11/11
  1450 | D:2      | Found a glowing silver altar of Zin.
  1506 | D:2      | Found a faded altar of an unknown god.
  1541 | D:2      | Identified the +2 pair of gloves of the Lute {Int+2 Dex+4}
  1554 | D:2      | Prayed at the altar of an unknown god.
  1554 | D:2      | Became a worshipper of Makhleb the Destroyer
  1554 | D:2      | Reached * piety under Makhleb
  1696 | D:2      | Found Plog's General Store.
  1717 | D:2      | Bought a scroll of identify for 24 gold pieces
  1875 | D:3      | Reached skill level 1 in Hexes
  1875 | D:3      | Reached skill level 1 in Summonings
  1875 | D:3      | Reached skill level 1 in Necromancy
  1875 | D:3      | Reached skill level 1 in Translocations
  1875 | D:3      | Reached skill level 1 in Transmutations
  1875 | D:3      | Reached skill level 1 in Fire Magic
  1875 | D:3      | Reached skill level 1 in Ice Magic
  1875 | D:3      | Reached skill level 1 in Air Magic
  1875 | D:3      | Reached skill level 1 in Earth Magic
  1875 | D:3      | Reached skill level 1 in Poison Magic
  1878 | D:3      | Learned a level 2 spell: Momentum Strike
  1882 | D:3      | Learned a level 3 spell: Hailstorm
  2072 | D:3      | Found an ancient bone altar of Kikubaaqudgha.
  2212 | D:3      | Reached XP level 5. HP: 42/43 MP: 12/12
  2651 | D:3      | Found a glowing golden altar of the Shining One.
  2721 | D:4      | Reached ** piety under Makhleb
  2758 | D:4      | Found a sand-covered staircase.
  2766 | Ossuary  | Entered an ossuary
  2766 | Ossuary  | Noticed a wraith
  2766 | Ossuary  | Noticed a wraith
  2766 | Ossuary  | Noticed a wraith
  2865 | Ossuary  | Noticed a wraith
  2962 | Ossuary  | Killed a wraith
  2963 | Ossuary  | Reached skill level 5 in Fighting
  2963 | Ossuary  | Reached skill level 5 in Dodging
  2963 | Ossuary  | Reached XP level 6. HP: 31/51 MP: 14/14
  3204 | D:4      | Killed from afar by an orc priest

Illustrated notes

Levels and vault maps discovered:
D:1:      co_arrival_square_in_a_square_in_a_square, layout_loops_cross,
          chequers_mini_garden
D:2:      layout_rooms, basic_altar, hellmonk_ecumenical_altar_blasted,
          serial_shops, nicolae_shop_crystal, grunt_ministairs_8
D:3:      layout_loops_corners, lemuel_coloured_pillars_altar,
          mainiacjoe_overflow_six_doors_small, serial_bayou_crossing
D:4:      layout_basic, fedhas_ov_isle_minmay, kennysheep_little_box,
          gup_ossuary_entry_pyramid

Skill      XL: |  1  2  3  4  5 |
---------------+----------------+-----
Spellcasting   | 5 |  5.4
Invocations    | 1 2 |  2.3
Short Blades   | 1 2 |  2.1
Axes           | 1 2 |  2.1
Maces & Flails | 1 2 |  2.1
Polearms       | 1 2 |  2.1
Staves         | 1 2 |  2.1
Ranged Weapons | 1 2 |  2.1
Throwing       | 1 2 |  2.1
Armour         | 1 2 |  2.1
Stealth        | 1 2 |  2.1
Shields        | 1 2 |  2.1
Unarmed Combat | 1 2 |  2.1
Evocations     | 1 2 |  2.1
Hexes          | 1 |  1.7
Summonings     | 1 |  1.7
Necromancy     | 1 |  1.7
Translocations | 1 |  1.7
Transmutations | 1 |  1.7
Fire Magic     | 1 |  1.7
Ice Magic      | 1 |  1.7
Air Magic      | 1 |  1.7
Earth Magic    | 1 |  1.7
Poison Magic   | 1 |  1.7
Fighting       | 5 |  5.0
Dodging        | 5 |  5.0
Long Blades    | |  6.9
Conjurations   | |  5.7

Action                   |  1- 3 |  4- 6 || total
-------------------------+-------+-------++-------
Melee: Falchion          |   125 |    13 ||   138
       Bite              |     6 |    12 ||    18
       Punch             |     1 |       ||     1
       Great sword       |       |   117 ||   117
 Cast: Kiss of Death     |     2 |       ||     2
  Use: Scroll            |       |     3 ||     3
Armor: Leather armour    |    34 |       ||    34
       Ring mail         |    15 |    83 ||    98
Dodge: Dodged            |    93 |    95 ||   188

Table legend: (Time is in decaauts)
 A = Elapsed time spent in this place.
 B = Non-inter-level travel time spent in this place.
 C = Inter-level travel time spent in this place.
 D = Time resting spent in this place.
 E = Time spent auto-exploring this place.
 F = Levels seen in this place.
 G = Mean time per level.
                   A        B        C        D        E       F      G
               +--------+--------+--------+--------+--------+-----+--------+
         Total |   3270 |   3270 |      0 |    302 |   1595 |   5 |  654.0 |
       Dungeon |   2942 |   2942 |      0 |    302 |   1595 |   4 |  735.5 |
       Ossuary |    327 |    327 |      0 |      0 |      0 |   1 |  327.0 |
               +--------+--------+--------+--------+--------+-----+--------+

Top non-repeatable levels by time:
     D:1: 1188 daAuts
     D:3: 962 daAuts
     D:2: 584 daAuts
 Ossuary: 327 daAuts
     D:4: 207 daAuts
